 Dungeon Crawl Stone Soup version 0.26-a0-651-gb41185065b (webtiles) character file.

Game seed: 7558373998572632678

67822 Flugslaktarn the Cleaver (level 14, -6/139 HPs)
             Began as a Deep Dwarf Fighter on Oct 2, 2020.
             Was the Champion of Makhleb.
             Blown up by an orb spider (45 damage)
             ... with an orb of destruction
             ... on level 2 of the Spider Nest.
             The game lasted 00:13:58 (14909 turns).

Flugslaktarn the Cleaver (Deep Dwarf Fighter)      Turns: 14909, Time: 00:13:59

Health: -6/139     AC: 35    Str: 24    XL:     14   Next: 84%
Magic:  2/2        EV:  4    Int: 18    God:    Makhleb [******]
Gold:   1046       SH: 15    Dex: 16    Spells: 13/13 levels left

rFire    . . .     SeeInvis .   B - +3 war axe (drain)
rCold    . . .     Faith    .   D - +2 kite shield "Kuostral" {Dex+4}
rNeg     + . .     Spirit   .   M - +7 crystal plate armour "Deuck" {+Inv rCorr Int+8}
rPois    +         Reflect  .   p - +2 helmet
rElec    .         Harm     .   (no cloak)
rCorr    +         Rampage  .   E - +0 pair of gloves
MR       +++..                  a - +1 pair of boots {Stlth+}
Stlth    ..........             (no amulet)
HPRegen  0.00/turn              m - ring of protection from magic
MPRegen  0.08/turn              o - ring of poison resistance

@: lethally poisoned (-6 -> -6), non-regenerating
A: damage resistance, heal wounds, negative energy resistance 1, sense
surroundings 2, no regeneration
a: Heal Wounds, Minor Destruction, Lesser Servant of Makhleb, Major Destruction,
Greater Servant of Makhleb, Renounce Religion, Evoke Invisibility


You were on level 2 of the Spider Nest.
You worshipped Makhleb.
Makhleb was exalted by your worship.
You visited 4 branches of the dungeon, and saw 22 of its levels.
You also visited: Gauntlet and Ice Cave.

You collected 1334 gold pieces.
You spent 288 gold pieces at shops.

Inventory:

Hand Weapons
 B - a +3 war axe of draining (weapon)
   (You took it off an orc priest on level 5 of the Dungeon)
 K - a +0 hand axe of distortion
   (You took it off an orc on level 9 of the Dungeon)
Armour
 a - a +1 pair of boots of stealth (worn)
   (You found it in a Gauntlet)
 p - a +2 helmet (worn)
   (You found it on level 9 of the Dungeon)
 A - a +3 plate armour of poison resistance
   (You found it in a Gauntlet)
 D - the +2 kite shield "Kuostral" (worn) {Dex+4}
   (You took it off Donald on level 2 of the Spider Nest)

   It affects your dexterity (+4).
 E - a +0 pair of gloves (worn)
   (You bought it in a shop on level 12 of the Dungeon)
 M - the +7 crystal plate armour "Deuck" (worn) {+Inv rCorr Int+8}
   (You acquired it on level 4 of the Lair of Beasts)

   It affects your intelligence (+8).
   It lets you turn invisible.
   It provides partial protection from all sources of acid and corrosion.
Jewellery
 c - an uncursed ring of protection from cold
   (You found it on level 1 of the Dungeon)
 f - an uncursed ring of protection from fire
   (You found it in a Gauntlet)
 g - an uncursed ring of protection from magic
   (You found it on level 12 of the Dungeon)
 k - an uncursed ring of resist corrosion
   (You found it on level 2 of the Lair of Beasts)
 m - a ring of protection from magic (left hand)
   (You found it on level 9 of the Dungeon)
 o - a ring of poison resistance (right hand)
   (You found it on level 9 of the Dungeon)
 H - an uncursed ring of flight
   (You found it on level 13 of the Dungeon)
Wands
 j - a wand of iceblast (21)
   (You found it on level 10 of the Dungeon)
 u - a wand of digging (2)
   (You found it on level 8 of the Dungeon)
 v - a wand of paralysis (19)
   (You found it on level 9 of the Dungeon)
Scrolls
 l - a scroll of brand weapon
 r - 3 scrolls of identify
 t - 5 scrolls of teleportation
 x - 6 scrolls of remove curse
 y - 4 scrolls of fear
 z - 3 scrolls of blinking
 C - 3 scrolls of fog
 L - a scroll of magic mapping
Potions
 b - 3 potions of mutation
 d - 2 potions of might
 h - 2 potions of haste
 i - 2 potions of flight
 n - 3 potions of resistance
 q - 2 potions of curing
 s - 6 potions of berserk rage
 w - 4 potions of heal wounds
 F - 3 potions of lignification
 G - a potion of cancellation
 I - a potion of brilliance
 J - a potion of ambrosia {unknown}


   Skills:
 * Level 12.9 Fighting
 * Level 14.8 Axes
 + Level 11.2 Armour
 + Level 0.2 Dodging
 + Level 11.2 Shields
 + Level 12.0 Invocations
 + Level 9.3 Evocations


You had 13 spell levels left.
You didn't know any spells.
Your spell library was empty.

Dungeon Overview and Level Annotations

Branches:
Dungeon (15/15)            Temple (1/1) D:4            Lair (4/6) D:10
  Swamp (0/4) Lair:4       Spider (2/4) Lair:3          Orc (0/2) D:9
 Vaults (0/5) D:13         Depths (0/5) D:15          IceCv (visited)
Gauntlet (visited)

Altars:
Ashenzari
Cheibriados
Dithmenos
Elyvilon
Fedhas
Gozag
Hepliaklqana
Kikubaaqudgha
Makhleb
Nemelex Xobeh
Okawaru
Qazlal
Ru
Sif Muna
Trog
Uskayaw
Vehumet
Wu Jian
Xom
Yredelemnul
Zin
The Shining One
Lugonu

Shops:
D:6 *   D:12 [

Portals:
Trove: D:12 (give horn of Geryon)

Annotations:
D:9 exclusions: orc priest and orc wizard
Spider:2 Arachne


Innate Abilities, Weirdness & Mutations

You are resistant to damage.
You can heal yourself by infusing magical energy.
You resist negative energy. (rN+)
You passively map the area around you.
You do not regenerate.


Message History

You are too injured to fight recklessly!
You are too injured to fight recklessly!
You are too injured to fight recklessly!
You are too injured to fight recklessly!
You are too injured to fight recklessly!
You are too injured to fight recklessly!
You are too injured to fight recklessly!
You are too injured to fight recklessly!
You are too injured to fight recklessly!
You feel much better. Arachne hits you but does no damage.
Arachne envenoms you.
The orb spider weaves a glowing orb of energy.
Arachne hits you but does no damage. Arachne envenoms you.
* * * LOW HITPOINT WARNING * * *
An orb of destruction comes into view.
You struggle to detach yourself from the web.
Arachne mumbles some strange words.
Arachne blinks!
The web tears apart.
The orb of destruction hits you!!!
You die...

, , , ,, *, ,
##≈##...... , , ,*
,#......... #. , , * ,
,* ,,#......#≈ /≈. ,
,≈###.......##≈#,,* , ,
≈........s....# ,, * ,,,
, *, .......○s...# * ,
#.§.○...#≈#, , *
,,#.#@......#####, , ,
^#≈≈......###..# , ,
**....≈##........#^^## ,
*,
≈..H####......##.<.####
≈ #≈.
#...(.............## ##
#.......#.......†..#
≈#..s...#..###≈.....†##
*#.......#)....##.......
##.....##......#.......


You could see Arachne (drained) and 2 orb spiders.

Vanquished Creatures
  Donald (Spider:2)
  An emperor scorpion (Spider:1)
  A minotaur (Gauntlet)
  2 hydras
  Erica (D:8)
  12 two-headed ogres
  2 centaur warriors
  3 death scarabs (Gauntlet)
  A tengu warrior (D:15)
  3 ogre magi
  A spectral death yak (Gauntlet)
  An unseen horror (D:14)
  A wizard (D:15)
  An orc knight (D:15)
  An orb spider (Spider:1)
  A deep elf mage (D:15)
  11 ugly things
  2 orc sorcerers (D:15)
  6 wolf spiders
  3 manticores
  A cyclops (D:11)
  5 elephants (Lair:2)
  A black mamba (Lair:3)
  4 centaur skeletons
  4 kobold demonologists
  2 komodo dragons
  3 rime drakes
  6 cane toads
  2 demonic crawlers (Spider:2)
  A freezing wraith (D:15)
  2 tengu conjurers
  3 hornets
  2 trolls
  5 jumping spiders (Spider:1)
  2 tyrant leeches (Lair:4)
  2 blink frogs (Lair:2)
  A slime creature (D:13)
  9 hippogriffs
  5 dream sheep (Lair:2)
  A spectral black mamba (Gauntlet)
  4 redbacks
  A centaur simulacrum (D:13)
  A vampire (D:13)
  39 yaks
  5 tarantellas (Spider:2)
  4 spectral komodo dragons (Gauntlet)
  7 wraiths
  A wyvern (D:8)
  A golden eye (shapeshifter) (D:15)
  A steam dragon (Lair:4)
  2 basilisks
  2 chaos spawn (Gauntlet)
  A soldier ant (D:12)
  A spectral cane toad (Gauntlet)
  2 acid dragons
  4 water moccasins
  6 porcupines
  9 orc warriors
  A sky beast (D:12)
  5 ice beasts
  4 phantoms
  13 wolves
  10 ogres
  7 crocodiles
  2 centaurs
  4 big kobolds
  19 bullfrogs
  A gnoll sergeant (D:9)
  A wyvern skeleton (D:8)
  5 scorpions
  A water moccasin skeleton (D:10)
  11 wights
  9 electric eels
  A howler monkey (D:9)
  3 bullfrog zombies (D:10)
  7 hounds
  5 jellies
  2 bullfrog skeletons
  3 gnoll shamans
  10 orc priests
  16 orc wizards
  10 worker ants
  6 iguanas
  A hound skeleton (D:6)
  A worker ant zombie (D:10)
  Robin (D:4)
  23 gnolls
  13 adders
  A shadow imp (D:6)
  17 white imps
  2 ufetubi
  An adder zombie (D:5)
  An ooze (D:6)
  2 worms (D:4)
  An adder skeleton (D:10)
  7 leopard geckos
  69 orcs
  6 bat zombies (D:6)
  2 giant cockroaches (D:4)
  10 goblins
  7 hobgoblins
  14 jackals
  12 kobolds
  7 quokkas
  2 ball pythons
  3 bats
  6 frilled lizards
  2 leopard gecko skeletons
  A quokka skeleton (D:5)
  5 rats
  2 rat zombies (D:6)
582 creatures vanquished.

Vanquished Creatures (collateral kills)
  Snorg (D:15)
  Josephine (D:11)
  A death scarab (Gauntlet)
  3 ugly things (D:15)
  An elephant (Lair:2)
  2 blink frogs (Lair:2)
  2 dream sheep (Lair:2)
  Prince Ribbit (Lair:2)
  A yak (Lair:2)
13 creatures vanquished.

Vanquished Creatures (others)
  2 demonic plants (D:12)
  5 fungi
  21 plants
  5 toadstools (D:8)
33 creatures vanquished.

Grand Total: 628 creatures vanquished

Notes
Turn   | Place    | Note
-------+----------+-------------------------------------------
     0 | D:1      | Flugslaktarn the Deep Dwarf Fighter began the quest for the
                  | Orb.
     0 | D:1      | Reached XP level 1. HP: 20/20 MP: 1/1
   120 | D:2      | Noticed a worker ant
   130 | D:2      | Killed a worker ant
   130 | D:2      | Reached XP level 2. HP: 14/28 MP: 2/2
   130 | D:2      | Reached XP level 3. HP: 17/34 MP: 3/3
   258 | D:3      | Reached skill level 3 in Axes
   499 | D:3      | Reached XP level 4. HP: 22/42 MP: 4/4
   600 | D:3      | Found a faded altar of an unknown god.
   821 | D:4      | Found a shimmering blue altar of Sif Muna.
   821 | D:4      | Found a sparkling altar of Nemelex Xobeh.
   824 | D:4      | Found a hazy altar of Hepliaklqana.
   825 | D:4      | Found a bloodstained altar of Trog.
   841 | D:4      | Reached XP level 5. HP: 49/50 MP: 4/4
   887 | D:4      | Reached skill level 4 in Axes
   896 | D:4      | Noticed Robin
   905 | D:4      | Killed Robin
  1143 | D:4      | Reached XP level 6. HP: 34/57 MP: 5/5
  1371 | D:4      | Found a staircase to the Ecumenical Temple.
  1566 | Temple   | Entered the Ecumenical Temple
  1773 | Temple   | Became a worshipper of Makhleb the Destroyer
  1924 | D:5      | Entered Level 5 of the Dungeon
  2008 | D:5      | Reached skill level 5 in Axes
  2147 | D:5      | Reached skill level 1 in Invocations
  2151 | D:5      | Reached XP level 7. HP: 26/66 MP: 5/5
  2256 | D:5      | Reached skill level 5 in Fighting
  2769 | D:6      | Reached skill level 5 in Armour
  2802 | D:6      | Reached * piety under Makhleb
  2839 | D:6      | Reached skill level 5 in Shields
  2840 | D:6      | Reached skill level 6 in Axes
  2842 | D:6      | Reached XP level 8. HP: 35/75 MP: 6/8
  2860 | D:6      | Found Xicziakime's Mass Market.
  3116 | D:6      | Found an ancient bone altar of Kikubaaqudgha.
  3477 | D:7      | Reached ** piety under Makhleb
  3509 | D:7      | Found a stormy altar of Qazlal.
  3615 | D:7      | Reached skill level 7 in Axes
  3669 | D:7      | Found a snail-covered altar of Cheibriados.
  3882 | D:7      | Noticed a hippogriff
  3895 | D:7      | Killed a hippogriff
  3895 | D:7      | Gained mutation: You passively map the area around you.
                  | [Deep Dwarf growth]
  3895 | D:7      | Reached XP level 9. HP: 76/85 MP: 9/9
  4057 | D:8      | Noticed Erica
  4075 | D:8      | Killed Erica
  4075 | D:8      | Reached skill level 8 in Axes
  4075 | D:8      | Reached skill level 5 in Invocations
  4301 | D:8      | Found a hide-covered altar of Uskayaw.
  4787 | D:9      | Reached XP level 10. HP: 68/96 MP: 11/11
  4812 | D:9      | Reached *** piety under Makhleb
  4850 | D:9      | Reached skill level 9 in Axes
  5002 | D:9      | Found a staircase to the Orcish Mines.
  5338 | D:9      | Reached **** piety under Makhleb
  6021 | D:9      | Found a glowing golden altar of the Shining One.
  6110 | D:10     | Entered Level 10 of the Dungeon
  6319 | D:10     | Reached ***** piety under Makhleb
  6408 | D:10     | Found a staircase to the Lair.
  6544 | D:10     | Reached skill level 10 in Axes
  7207 | D:11     | Noticed a cyclops
  7213 | D:11     | Killed a cyclops
  7270 | D:11     | Noticed Josephine
  7293 | D:11     | Killed Josephine
  7293 | D:11     | Reached XP level 11. HP: 72/106 MP: 9/9
  7376 | D:11     | Noticed a two-headed ogre
  7389 | D:11     | Killed a two-headed ogre
  7730 | D:11     | Reached skill level 1 in Evocations
  7755 | D:11     | Noticed a white ugly thing
  7762 | D:11     | Killed a white ugly thing
  8187 | D:11     | Noticed a red ugly thing
  8196 | D:11     | Killed a red ugly thing
  8324 | D:12     | Reached skill level 11 in Axes
  8347 | D:12     | Found Matoc's Antique Armour Shop.
  8507 | D:12     | Found a corrupted altar of Lugonu.
  8694 | D:12     | Found a portal to a secret trove of treasure.
  8873 | D:12     | Reached skill level 10 in Fighting
  9016 | D:12     | Noticed a soul eater
  9028 | D:12     | Noticed a sun demon
  9077 | D:13     | Reached XP level 12. HP: 58/116 MP: 9/9
  9135 | D:13     | Found a frozen archway.
  9169 | IceCv    | Entered an ice cave
  9449 | D:13     | Noticed an ogre mage
  9449 | D:13     | Noticed a two-headed ogre
  9450 | D:13     | Found a gate to the Vaults.
  9450 | D:13     | Noticed a two-headed ogre
  9494 | D:13     | Killed a two-headed ogre
  9496 | D:13     | Killed an ogre mage
  9503 | D:13     | Killed a two-headed ogre
  9697 | D:13     | Noticed a centaur warrior
  9708 | D:13     | Killed a centaur warrior
  9708 | D:13     | Reached skill level 12 in Axes
  9737 | D:13     | Reached skill level 5 in Evocations
  9966 | D:13     | Reached ****** piety under Makhleb
 10045 | D:14     | Found a gate leading to a gauntlet.
 10054 | Gauntlet | Entered a Gauntlet
 10054 | Gauntlet | Found a transporter.
 10054 | Gauntlet | Found a transporter.
 10069 | Gauntlet | Found a transporter.
 10080 | Gauntlet | Found a large runed translucent door.
 10081 | Gauntlet | Found a large runed translucent door.
 10082 | Gauntlet | Found a large runed translucent door.
 10082 | Gauntlet | Found a large runed translucent door.
 10082 | Gauntlet | Found a large runed translucent door.
 10082 | Gauntlet | Found a large runed translucent door.
 10082 | Gauntlet | Found a large runed translucent door.
 10082 | Gauntlet | Found a large runed translucent door.
 10082 | Gauntlet | Noticed a death scarab
 10083 | Gauntlet | Found a runed translucent door.
 10083 | Gauntlet | Found a runed translucent gate.
 10084 | Gauntlet | Found a transporter.
 10084 | Gauntlet | Found a runed translucent gate.
 10084 | Gauntlet | Found a transporter.
 10084 | Gauntlet | Found a transporter.
 10086 | Gauntlet | Found a transporter.
 10086 | Gauntlet | Found a transporter.
 10087 | Gauntlet | Noticed a death scarab
 10099 | Gauntlet | Found a transporter.
 10114 | Gauntlet | Found a runed translucent door.
 10115 | Gauntlet | Found a transporter.
 10116 | Gauntlet | Found a runed translucent door.
 10118 | Gauntlet | Noticed a blizzard demon
 10123 | Gauntlet | Noticed a death scarab
 10125 | Gauntlet | Found a transporter.
 10125 | Gauntlet | Noticed a death scarab
 10139 | Gauntlet | Found a transporter.
 10165 | Gauntlet | Found a large runed translucent door.
 10166 | Gauntlet | Found a large runed translucent door.
 10167 | Gauntlet | Found a large runed translucent door.
 10167 | Gauntlet | Found a large runed translucent door.
 10167 | Gauntlet | Found a large runed translucent door.
 10167 | Gauntlet | Found a large runed translucent door.
 10168 | Gauntlet | Found a large runed translucent door.
 10168 | Gauntlet | Found a large runed translucent door.
 10168 | Gauntlet | Found a runed translucent gate.
 10168 | Gauntlet | Found a runed translucent door.
 10173 | Gauntlet | Found a transporter.
 10174 | Gauntlet | Found a runed translucent door.
 10184 | Gauntlet | Found a transporter.
 10298 | Gauntlet | Killed a death scarab
 10300 | Gauntlet | Killed a death scarab
 10362 | Gauntlet | Got a scintillating silver ring
 10394 | Gauntlet | Killed a death scarab
 10395 | Gauntlet | Killed a death scarab
 10474 | Gauntlet | Identified the ring "Neitedwi" {Ice rN++ Str-4 Int+3
                  | Stlth+} (You found it in a Gauntlet)
 10488 | Gauntlet | Noticed a minotaur
 10516 | Gauntlet | Killed a minotaur
 10516 | Gauntlet | Reached skill level 10 in Invocations
 10769 | D:14     | Noticed a two-headed ogre
 10780 | D:14     | Killed a two-headed ogre
 10780 | D:14     | Reached XP level 13. HP: 77/127 MP: 5/5
 10802 | D:14     | Noticed Snorg
 11107 | D:15     | Entered Level 15 of the Dungeon
 11260 | D:15     | Reached skill level 13 in Axes
 11340 | D:15     | Reached skill level 10 in Armour
 11355 | D:15     | Reached skill level 10 in Shields
 11818 | D:15     | Found a staircase to the Depths.
 12138 | D:15     | Killed Snorg
 12212 | D:12     | Bought a pair of gloves for 144 gold pieces
 12212 | D:12     | Bought a pair of gloves for 144 gold pieces
 12271 | Lair:1   | Entered Level 1 of the Lair of Beasts
 12372 | Lair:1   | Gained mutation: You resist negative energy. (rN+) [Deep
                  | Dwarf growth]
 12372 | Lair:1   | Reached XP level 14. HP: 130/138 MP: 3/3
 12654 | Lair:2   | Reached skill level 14 in Axes
 12747 | Lair:2   | Noticed Prince Ribbit
 12752 | Lair:2   | Killed Prince Ribbit
 12864 | Lair:2   | Identified the Tome of Summoning
 13296 | Lair:3   | Found a hole to the Spider Nest.
 14377 | Lair:4   | Found a staircase to the Swamp.
 14562 | Lair:4   | Identified a scroll of acquirement
 14562 | Lair:4   | Acquired the +7 crystal plate armour "Deuck" {+Inv rCorr
                  | Int+8}
 14614 | Spider:1 | Entered Level 1 of the Spider Nest
 14646 | Spider:1 | Noticed an emperor scorpion
 14680 | Spider:1 | Killed an emperor scorpion
 14789 | Spider:2 | Identified the +2 kite shield "Kuostral" {Dex+4}
 14789 | Spider:2 | Noticed Donald
 14818 | Spider:2 | Killed Donald
 14838 | Spider:2 | Noticed Arachne
 14909 | Spider:2 | Blown up by an orb spider

Illustrated notes

Levels and vault maps discovered:
D:1:      tarquinn_simple_flora_water_a, layout_basic,
          chequers_serial_rivers_marsh
D:2:      minmay_spotlight, layout_basic, lemuel_crystal_altar,
          grunt_ministairs_4, kennysheep_minor_cross, minmay_misc_feat_rows
D:3:      layout_loops_ring, chequers_ecumenical_altar_twisty,
          minmay_misc_feat_diagonals, st_stairs_4
D:4:      layout_loops_ring, grunt_temple_overflow_open,
          minmay_temple_entry_fiery, gup_sewer_entry_bubbles, uniq_robin
D:5:      layout_cave_pods
D:6:      layout_basic, lemuel_zombie_altar_kikubaaqudgha, minmay_shop_mass,
          uniq_crazy_yiuf_cottage
D:7:      layout_loops_cross, lemuel_doored_altar, lemuel_round_altar
D:8:      layout_basic, overflow_temple_1_default, minmay_gold_behind_fungi,
          uniq_erica
D:9:      layout_loops_corners, erik_orc_2, nicolae_tso_swordbearing_angel
D:10:     layout_layer_cave, lair_entry_dummy
D:11:     layout_grid_maze, uniq_josephine
D:12:     kennysheep_kobold_lugonu_temple, layout_gridville, serial_shops,
          nicolae_shop_stone, enter_trove_2
D:13:     layout_basic, david_vaults_2, portal_ice_cave_entry_imps,
          minmay_fractal_squares_gapless_7
D:14:     layout_basic, gauntlet_entry_generic, uniq_snorg
D:15:     grunt_enter_depths_magical_seal, layout_loops_ring,
          chequers_hall_statues_wall_a
Temple:   nicolae_temple_figure_eight
Lair:1:   layout_regular_city, beast_lair_carwin_6, grunt_megastairs_4
Lair:2:   layout_hall_layers, uniq_prince_ribbit2
Lair:3:   layout_small_grid, spider_nest_entry_a, disabler_island
Lair:4:   layout_gridlike, minmay_swamp_entry_worms, guppyfry_lair_drakes
Spider:1: layout_spider_delve
Spider:2: layout_spider_delve, uniq_donald, uniq_arachne

Skill      XL: |  1  2  3  4  5  6  7  8  9 10 11 12 13 14 |
---------------+-------------------------------------------+-----
Fighting       | 3 4 5 6 7 9 10 11 12 | 12.9
Axes           | 3 4 5 6 7 8 10 11 12 13 14 | 14.8
Armour         | 4 5 6 8 9 10 11 | 11.2
Shields        | 4 5 6 7 8 9 10 11 | 11.2
Invocations    | 1 2 4 6 7 8 10 11 12 | 12.0
Evocations     | 3 6 8 9 |  9.3
Dodging        | |  0.2

Action                   |  1- 3 |  4- 6 |  7- 9 | 10-12 | 13-15 || total
-------------------------+-------+-------+-------+-------+-------++-------
Melee: War axe           |   104 |   304 |   322 |   875 |   785 ||  2390
Invok: Lesser Servant of |       |       |       |     7 |     8 ||    15
 Abil: Heal Wounds       |     1 |     5 |     3 |    47 |    19 ||    75
Evoke: Wand              |       |       |       |     5 |     6 ||    11
  Use: Scroll            |       |       |     8 |    18 |     9 ||    35
       Potion            |       |       |       |     3 |     3 ||     6
 Stab: Distracted        |       |       |       |     1 |       ||     1
       Paralysed         |       |       |       |       |     1 ||     1
Armor: Plate armour      |    52 |   286 |   224 |   502 |   345 ||  1409
       Scale mail        |     5 |       |       |       |       ||     5
       Skin              |       |       |       |    87 |       ||    87
       Crystal plate arm |       |       |       |       |   276 ||   276
Dodge: Dodged            |    16 |    48 |    63 |   170 |   180 ||   477
Block: Kite shield       |    60 |   161 |   191 |   610 |   574 ||  1596

Table legend: (Time is in decaauts)
 A = Elapsed time spent in this place.
 B = Non-inter-level travel time spent in this place.
 C = Inter-level travel time spent in this place.
 D = Time resting spent in this place.
 E = Time spent auto-exploring this place.
 F = Levels seen in this place.
 G = Mean time per level.
                   A        B        C        D        E       F      G
               +--------+--------+--------+--------+--------+-----+--------+
         Total |  15266 |  14388 |    878 |    247 |   9730 |  24 |  636.1 |
       Dungeon |  11924 |  11201 |    723 |    123 |   7660 |  15 |  794.9 |
        Temple |    227 |    190 |     37 |      0 |    187 |   1 |  227.0 |
          Lair |   2292 |   2179 |    113 |      0 |   1691 |   4 |  573.0 |
   Spider Nest |    264 |    261 |      3 |      0 |     41 |   2 |  132.0 |
      Ice Cave |      3 |      3 |      0 |      0 |      0 |   1 |    3.0 |
      Gauntlet |    554 |    554 |      0 |    124 |    151 |   1 |  554.0 |
               +--------+--------+--------+--------+--------+-----+--------+

Top non-repeatable levels by time:
     D:9: 1391 daAuts
    D:11: 1199 daAuts
    D:10: 1095 daAuts
     D:4: 1049 daAuts
    D:15: 998 daAuts
    D:13: 944 daAuts
     D:5: 868 daAuts
  Lair:3: 835 daAuts
    D:12: 815 daAuts
  Lair:4: 782 daAuts
     D:6: 719 daAuts
     D:8: 715 daAuts
    D:14: 668 daAuts
     D:7: 626 daAuts
     D:3: 584 daAuts
